 Dungeon Crawl Stone Soup version 0.31-a0-867-g9b2fd80f0c (webtiles) character file.

Game seed: 16672973899742304803

161 Drangen the Covered (level 5, -1/48 HPs)
             Began as an Armataur Fighter on Oct 11, 2023.
             Succumbed to a kobold's poison
             ... on level 2 of the Dungeon.
             The game lasted 00:03:17 (1862 turns).

Drangen the Covered (Armataur Fighter)              Turns: 1862, Time: 00:03:18

Health: -1/48      AC:  7    Str: 29    XL:     5   Next: 19%
Magic:  5/5        EV:  8    Int:  9    God:
Gold:   175        SH:  4    Dex:  9    Spells: 4/4 levels left

rFire   . . .        a - +0 war axe
rCold   . . .        c - +0 buckler
rNeg    . . .        b - +0 scale mail
rPois   .            (no helmet)
rElec   .            (no cloak)
rCorr   .            (no gloves)
SInv    .            (no barding)
Will    .....        (no amulet) Stlth
                     m - +6 ring of strength
HPRegen 0.28/turn    (no ring)
MPRegen 0.09/turn

%: roll
@: lethally poisoned (-1 -> -9)
A: large, rugged brown scales 3, deformed body, armoured tail, roll, long
tongue, awkward tongue
a: no special abilities


You were on level 2 of the Dungeon.
You visited 1 branch of the dungeon, and saw 3 of its levels.

You collected 175 gold pieces.

Inventory:

Hand Weapons
 a - a +0 war axe (weapon)
Armour
 b - a +0 scale mail (worn)
 c - a +0 buckler (worn)
Jewellery
 m - a +6 ring of strength (left hand)
Scrolls
 i - a scroll of summoning {unknown}
 k - a scroll of teleportation {unknown}
 o - a scroll of fog {unknown}
 p - a scroll of enchant weapon {unknown}
Potions
 d - a potion of might
 f - 2 potions of curing {unknown}
 g - a potion of magic {unknown}
 h - a potion of mutation {unknown}
 j - a potion of cancellation {unknown}
 l - a potion of lignification {unknown}
 n - a potion of enlightenment {unknown}


   Skills:
 + Level 3.2 Fighting
 + Level 3.0 Axes
 + Level 4.8 Armour
 + Level 0.5 Dodging
 + Level 0.2 Stealth
 + Level 3.7 Shields


You had 4 spell levels left.
You didn't know any spells.
Your spell library contained the following spells:

 Spells                   Type           Power      Damage    Failure   Level
 Shock                    Conj/Air       0%         1d3       67%         1
 Ensorcelled Hibernation  Hex/Ice        0%         N/A       82%         2
 Passwall                 Tmut/Erth      0%         N/A       82%         2
 Swiftness                Air            0%         N/A       96%         3
 Airstrike                Air            0%         2d(0-16)  100%        4


Dungeon Overview and Level Annotations

Branches:
Dungeon (3/15)

Altars:


Innate Abilities, Weirdness & Mutations

You are completely covered in rugged brown scales. (AC +3, +7% HP)
Armour fits poorly on your strangely shaped body.
You have a long armoured tail.
You roll when moving toward enemies. (Rampage)
Your long tongue fully drains potion bottles. (2x potion effects)
Your tongue gives you trouble enunciating. (1.5x scroll delay)


Message History

The kobold moves out of view.
The gnoll barely misses you.
The kobold throws a poisoned dart.
The poisoned dart hits you!
You are poisoned.
You barely miss the gnoll.
You feel very sick.
The gnoll hits you from afar with a +0 halberd!
The gnoll hits you but does no damage.
You closely miss the gnoll. You miss the kobold.
You feel very sick. The gnoll closely misses you.
The kobold hits you with a +0 short sword.
The gnoll hits you with a +0 whip. The gnoll barely misses you.
The gnoll hits you from afar with a +0 halberd.
The gnoll barely misses you. The kobold closely misses you.
You feel sick.
You feel sick. The gnoll attacks as it pursues you!
The gnoll hits you with a +0 flail.
You feel sick.
The gnoll throws a throwing net.
The throwing net hits you.
You become entangled in the net!
You see here a throwing net.
You tear a large gash into the net.
You feel sick.
The kobold throws a poisoned dart.
The poisoned dart hits you!
You are more poisoned.
You struggle against the net.
You feel very sick.
You shred the net and break free!
You feel sick. The gnoll barely misses you.
The kobold throws a poisoned dart.
The poisoned dart hits you!
You are lethally poisoned!
* * * LOW HITPOINT WARNING * * *
You feel very sick.
* * * LOW HITPOINT WARNING * * *
You feel very sick. The kobold hits you but does no damage.
There is a stone staircase leading up here.
* * * LOW HITPOINT WARNING * * *
You feel very sick. You block the gnoll's attack.
The kobold hits you but does no damage.
You climb upwards.
You die...

#.#.##.#.#####.#..........#......
#.#.##.#.# #.##.#########.####.
#.#.##.#.#####.#...#........#..#.
#.#.##.#.##...†....#.......).....
#.#.##.#.##.##.##############....
#.#.##.#.##.##.................[.
#.#.##.#.##.#################....
#.#'##.#.##.# ### #...# #....
#.(..#.#.##.# #@######...###....
#....#..†.#.# #K.....'..........
#....###..#.# #.######........).
#....###..#+## #.#...............
#....+.......# #.#.#####.........
##...###.....# #.#.# #.#.....).
#.....'.....# #.#.# #.#.......
#...###.....# #.#.#####.##'#.#..
##### #.#######.......#.##.#.#..


You could see a kobold.

Vanquished Creatures
  A centaur (D:3)
  2 adders
  2 worms (D:2)
  A dart slug (D:2)
  2 ball pythons (D:2)
  4 bats
  6 endoplasms
  6 giant cockroaches
  7 goblins
  4 hobgoblins
  4 jackals (D:2)
  5 quokkas
  A frilled lizard (D:1)
  A kobold (D:2)
  5 rats
51 creatures vanquished.

Notes
Turn   | Place    | Note
-------+----------+-------------------------------------------
     0 | D:1      | Drangen the Armataur Fighter began the quest for the Orb.
     0 | D:1      | Reached XP level 1. HP: 19/19 MP: 1/1
   165 | D:1      | Reached XP level 2. HP: 26/26 MP: 2/2
   391 | D:1      | Reached skill level 4 in Armour
   488 | D:1      | Found a faded altar of an unknown god.
   785 | D:2      | Reached XP level 3. HP: 33/33 MP: 3/3
  1629 | D:3      | Reached XP level 4. HP: 35/40 MP: 4/4
  1667 | D:3      | Noticed a centaur
  1673 | D:3      | Killed a centaur
  1674 | D:3      | Reached XP level 5. HP: 37/48 MP: 5/5
  1861 | D:3      | HP: 2/48 [poisoned by a kobold]
  1862 | D:2      | Succumbed to a kobold's poison

Illustrated notes

Levels and vault maps discovered:
D:1:      dpeg_arrival_round_c, layout_basic, nicolae_ecumenical_lake_church,
          minmay_tetromino_o4
D:2:      layout_basic
D:3:      layout_basic, nicolae_sif_muna_little_library

Skill      XL: |  1  2  3  4 |
---------------+-------------+-----
Armour         | 4 |  4.8
Fighting       | 3 |  3.2
Axes           | 2 3 |  3.0
Dodging        | |  0.5
Stealth        | |  0.2
Shields        | |  3.7

Action                     |  1- 3 |  4- 6 || total
---------------------------+-------+-------++-------
  Melee: War axe           |   122 |    13 ||   135
         Tailslap          |    10 |     3 ||    13
    Use: Scroll            |     2 |       ||     2
 Armour: Scale mail        |    84 |    17 ||   101
  Dodge: Dodged            |    40 |    12 ||    52
  Block: Buckler           |    20 |     3 ||    23

Table legend: (Time is in decaauts)
 A = Elapsed time spent in this place.
 B = Non-inter-level travel time spent in this place.
 C = Inter-level travel time spent in this place.
 D = Time resting spent in this place.
 E = Time spent auto-exploring this place.
 F = Levels seen in this place.
 G = Mean time per level.
                   A        B        C        D        E       F      G
               +--------+--------+--------+--------+--------+-----+--------+
         Total |   1920 |   1920 |      0 |      0 |   1480 |   3 |  640.0 |
       Dungeon |   1920 |   1920 |      0 |      0 |   1480 |   3 |  640.0 |
               +--------+--------+--------+--------+--------+-----+--------+

Top non-repeatable levels by time:
     D:2: 909 daAuts
     D:1: 759 daAuts
     D:3: 252 daAuts
